 Dungeon Crawl Stone Soup version 0.18.1-47-g9310371 (webtiles) character file.

3054 Peloso the Carver (level 9, -1/79 HPs)
             Began as a Minotaur Fighter on June 17, 2016.
             Was an Initiate of Okawaru.
             Slain by Gargoyl's ghost (5 damage)
             ... on level 8 of the Dungeon.
             The game lasted 00:15:06 (7082 turns).

Peloso the Carver (Minotaur Fighter)                Turns: 7082, Time: 00:15:06

Health: -1/79      AC: 16    Str: 22    XL:     9   Next: 57%
Magic:  8/8        EV:  9    Int:  5    God:    Okawaru [......]
Gold:   467        SH: 11    Dex: 12    Spells: 0 memorised, 8 levels left

rFire  + . .     SeeInvis .     a - +1 long sword
rCold  . . .     Gourm    .     L - +2 chain mail {rC+}
rNeg   . . .     Faith    .     c - +0 shield
rPois  +         Spirit   .     (helmet restricted)
rElec  .         Dismiss  .     B - +0 cloak
rCorr  .         Reflect  .     w - +1 pair of gloves
SustAt .         Harm     .     (no boots)
MR     .....                    (no amulet)
Stlth  ..........               G - ring of fire
                                x - ring of stealth

@: not resistant to hostile enchantments, extremely unstealthy
A: retaliatory headbutt, horns 2, poison resistance
a: Renounce Religion


You were on level 8 of the Dungeon.
You worshipped Okawaru.
Okawaru was noncommittal.
You were very hungry.

You visited 2 branches of the dungeon, and saw 9 of its levels.

You collected 467 gold pieces.

Inventory:

Hand Weapons
 a - a +1 long sword (weapon)
 r - a +2 hand axe of flaming
 y - the +4 dagger "Siwav" {pierce, Stlth+}
   (You found it on level 4 of the Dungeon)

   It inflicts extra damage upon your enemies.
   It makes you more stealthy.
Armour
 b - a +0 scale mail
 c - a +0 shield (worn)
 w - a +1 pair of gloves (worn)
 B - a +0 cloak (worn)
 L - a +2 chain mail of cold resistance (worn)
Jewellery
 x - a ring of stealth (left hand)
 G - a ring of fire (right hand)
Wands
 d - a wand of heal wounds (4/9)
 h - a wand of digging (24/24)
Scrolls
 i - 3 scrolls of remove curse
 n - 3 scrolls of recharging
 p - 4 scrolls of teleportation
 s - 2 scrolls of enchant weapon
 u - 2 scrolls of magic mapping
 v - a scroll of amnesia
Potions
 e - 3 potions of resistance
 j - 3 potions of heal wounds
 l - a potion of haste
 t - 6 potions of curing
 z - 2 potions of cancellation
 C - a potion of agility {unknown}
 D - a potion of flight {unknown}
 E - a potion of degeneration {unknown}
 J - a potion of lignification {unknown}
 K - a potion of magic {unknown}
Comestibles
 f - 9 bread rations
 g - 8 meat rations
 m - a royal jelly
 o - 2 slices of pizza
 F - 3 beef jerkies


   Skills:
 + Level 7.6 Fighting
 + Level 8.5 Long Blades
 + Level 8.1 Armour
 + Level 5.4 Dodging
 + Level 1.5 Stealth
 + Level 8.0 Shields


You had 8 spell levels left.
You didn't know any spells.

Dungeon Overview and Level Annotations

Branches:
Dungeon (8/15)             Temple (1/1) D:7
   Lair: D:8-11

Altars:
Ashenzari
Cheibriados
Dithmenos
Kikubaaqudgha
Makhleb
Okawaru
Pakellas
Sif Muna
Vehumet
Xom
Yredelemnul
Zin
The Shining One

Shops:
D:5 %   D:6 %   D:8 !

Annotations:
D:8 Gargoyl's ghost, journeyman DsAK


Innate Abilities, Weirdness & Mutations

You reflexively headbutt those who attack you in melee.
You have a pair of horns on your head.
Your system is resistant to poisons.


Message History

Gargoyl's ghost barely misses you.
You hit Gargoyl's ghost but do no damage.
Gargoyl's ghost is severely damaged.
Gargoyl's ghost barely misses you. You furiously retaliate!
You headbutt Gargoyl's ghost, but do no damage.
You hit Gargoyl's ghost but do no damage.
Gargoyl's ghost is severely damaged.
You block Gargoyl's ghost's attack.
You slash Gargoyl's ghost!
You headbutt Gargoyl's ghost, but do no damage.
Gargoyl's ghost is almost destroyed.
You block Gargoyl's ghost's attack.
You hit Gargoyl's ghost but do no damage.
Gargoyl's ghost is almost destroyed.
You block Gargoyl's ghost's attack.
You hit Gargoyl's ghost but do no damage.
Gargoyl's ghost is almost destroyed.
Gargoyl's ghost hits you!
* * * LOW HITPOINT WARNING * * *
You die...

###################
#..................
#.#########.#.#####.# #
#.# #......).......
##'######.##.#.#####.###
.......## #.#..........
.......# #.##.@....##
.......# #.#...W......
.......# #.#..##..####
##'##### #.#... .... #.#
#.#... .#..# #.# .....
.. .. ##'###### .##...
#. # ........# .. .. ..
........+


You could see Gargoyl's ghost.

Vanquished Creatures
  The ghost of Nigilith the Quickloader, an amateur DDHu (D:4)
  3 yaks (D:7)
  The ghost of zervinho the Skirmisher, an amateur MiBe of Trog (D:6)
  A hippogriff (D:7)
  A water moccasin (D:5)
  2 orc warriors
  2 ice beasts
  A phantom (D:5)
  3 ogres
  A centaur (D:6)
  2 giant frogs
  4 scorpions
  A jelly (D:6)
  5 killer bees (D:7)
  A centaur zombie (D:7)
  An orc priest (D:7)
  Crazy Yiuf (D:4)
  5 hounds
  A giant frog skeleton (D:5)
  An iguana (D:5)
  2 orc wizards (D:6)
  3 worker ants
  2 howler monkey zombies (D:6)
  A worker ant zombie (D:7)
  Robin (D:3)
  3 gnolls (D:4)
  5 adders
  2 shadow imps
  An adder skeleton (D:4)
  2 adder zombies (D:7)
  A worm (D:2)
  5 giant geckos
  12 orcs
  5 bats
  6 giant cockroaches
  19 goblins
  9 hobgoblins
  12 jackals
  4 kobolds
  5 quokkas
  A ball python (D:1)
  A giant newt (D:1)
  A quokka zombie (D:8)
  10 rats
  A fungus (D:4)
152 creatures vanquished.

Notes
Turn   | Place    | Note
--------------------------------------------------------------
     0 | D:1      | Peloso the Minotaur Fighter began the quest for the Orb.
     0 | D:1      | Reached XP level 1. HP: 19/19 MP: 0/0
   258 | D:1      | Reached XP level 2. HP: 27/27 MP: 1/1
   633 | D:1      | Reached XP level 3. HP: 18/33 MP: 2/2
  1231 | D:2      | Found a shattered altar of Ashenzari.
  1387 | D:2      | Found a faded altar to an unknown god.
  1563 | D:2      | Reached XP level 4. HP: 40/40 MP: 3/3
  1599 | D:2      | Found a radiant altar of Vehumet.
  1928 | D:3      | Noticed Robin
  1946 | D:3      | Killed Robin
  1946 | D:3      | Reached skill level 1 in Dodging
  1957 | D:3      | Reached XP level 5. HP: 24/46 MP: 4/4
  2353 | D:3      | Found a snail-covered altar of Cheibriados.
  2353 | D:3      | Found a glowing silver altar of Zin.
  2355 | D:3      | Found a shimmering altar of Xom.
  2356 | D:3      | Found a burning altar of Makhleb.
  2791 | D:4      | Got a bloodstained dagger
  2792 | D:4      | Identified the +4 dagger "Siwav" {pierce, Stlth+} (You found it on level 4 of the Dungeon)
  3143 | D:4      | Noticed Nigilith's ghost (amateur DDHu)
  3159 | D:4      | Killed Nigilith's ghost
  3159 | D:4      | Reached skill level 5 in Armour
  3159 | D:4      | Reached skill level 5 in Shields
  3159 | D:4      | Reached XP level 6. HP: 39/53 MP: 5/5
  3686 | D:4      | Noticed Crazy Yiuf
  3691 | D:4      | Killed Crazy Yiuf
  3691 | D:4      | Reached XP level 7. HP: 56/60 MP: 6/6
  3781 | D:5      | Entered Level 5 of the Dungeon
  4021 | D:5      | Reached skill level 5 in Fighting
  4021 | D:5      | Reached skill level 5 in Long Blades
  4526 | D:5      | Found Gockela's Food Shoppe.
  4812 | D:6      | Reached XP level 8. HP: 68/70 MP: 7/7
  5730 | D:6      | Found Ruragra's Food Shoppe.
  5783 | D:6      | Noticed zervinho's ghost (amateur MiBe)
  5791 | D:6      | Killed zervinho's ghost
  5958 | D:7      | Reached skill level 1 in Stealth
  5958 | D:7      | Reached XP level 9. HP: 77/78 MP: 8/8
  6471 | D:7      | Found a staircase to the Ecumenical Temple.
  6511 | Temple   | Entered the Ecumenical Temple
  6519 | Temple   | Became a worshipper of Warmaster Okawaru
  6586 | D:7      | Reached skill level 5 in Dodging
  6766 | D:7      | Reached * piety under Okawaru
  6913 | D:7      | Gained mutation: Your system is resistant to poisons. [potion of beneficial mutation]
  6954 | D:8      | Found Jaudgh's Distillery.
  7035 | D:8      | Noticed Gargoyl's ghost (journeyman DsAK)
  7082 | D:8      | Slain by Gargoyl's ghost

Skill      XL: |  1  2  3  4  5  6  7  8  9 |
---------------+----------------------------+-----
Armour         | 4 5 6 7 8 |  8.1
Fighting       | 4 5 6 7 |  7.6
Shields        | 4 5 6 7 8 |  8.0
Long Blades    | 3 4 5 7 8 |  8.5
Dodging        | 1 2 3 4 5 |  5.4
Stealth        | 1 |  1.5

Action                   |  1- 3 |  4- 6 |  7- 9 || total
-------------------------+-------+-------+-------++-------
Melee: Long sword        |   118 |   113 |   298 ||   529
       Headbutt          |    15 |    20 |    74 ||   109
Invok: Heroism           |       |       |     1 ||     1
  Use: Potion            |       |     1 |     3 ||     4
       Scroll            |       |       |    19 ||    19
  Eat: Chunk             |     1 |     8 |    10 ||    19
Armor: Scale mail        |    68 |    56 |    75 ||   199
       Chain mail        |       |       |    28 ||    28
Dodge: Dodged            |    30 |    50 |    84 ||   164
Block: Shield            |    76 |    77 |   150 ||   303
